 Dungeon Sprint DCSS version 0.23.1 (webtiles) character file.

Game seed: 2297521386328073717

3714 nuthulu the Grappler (level 9, -3/105 HPs)
             Began as a Troll Monk on Mar 6, 2019.
             Was a Priest of Qazlal.
             Slain by Sonja
             ... wielding a +2 dagger of distortion
              (11 damage)
             ... in the Dungeon (Sprint I: "Red Sonja").
             The game lasted 00:01:59 (684 turns).

nuthulu the Grappler (Troll Monk)                    Turns: 684, Time: 00:02:00

Health: -3/105     AC: 10    Str: 24    XL:     9   Next: 91%
Magic:  0/8        EV: 16    Int:  6    God:    Qazlal [***...]
Gold:   440        SH:  4    Dex: 12    Spells: 8/8 levels left

rFire    + . .     SeeInvis .     - Unarmed
rCold    + . .     Gourm    +   (no shield)
rNeg     . . .     Faith    .   m - +2 robe {rF+}
rPois    .         Spirit   .   k - +2 hat
rElec    .         Reflect  .   (no cloak)
rCorr    .         Harm     .   (gloves unavailable)
MR       .....     NoTele   +   (boots unavailable)
Stlth    ++........             (no amulet)
HPRegen  0.67/turn              l - ring "Bixkegew" {rC+ Stlth+}
MPRegen  0.11/turn              (no ring)

@: lethally poisoned (-3 -> -9), slowed, very slow
A: large, unfitting armour, claws 3, fast metabolism 3, gourmand, regeneration
1, shaggy fur 1, tough skin 3
a: Upheaval, Elemental Force, Renounce Religion


You were in the Dungeon.
You worshipped Qazlal.
Qazlal was most pleased with you.
You were very full.

You visited 1 branch You collected 634 gold pieces.
You spent 194 gold pieces at shops.

Inventory:

Armour
 a - a +0 robe
 k - a +2 hat (worn)
 m - a +2 robe of fire resistance (worn)
Jewellery
 l - the ring "Bixkegew" (left claw) {rC+ Stlth+}
   (You found it in the Dungeon)

   [ring of protection from cold]

   It protects you from cold.
   It makes you more stealthy.
Scrolls
 h - a scroll of blinking
 j - a scroll of enchant armour {unknown}
Potions
 e - a potion of haste
 f - 2 potions of magic
 g - a potion of berserk rage
 i - a potion of brilliance {unknown}
Comestibles
 b - 3 rations


   Skills:
 + Level 11.5 Fighting
 + Level 11.5 Dodging
 - Level 1.0 Stealth
 + Level 13.4 Unarmed Combat
 + Level 0.0 Invocations


You had 8 spell levels left.
You didn't know any spells.
Your spell library was empty.

Dungeon Overview and Level Annotations

Branches:
Dungeon (1/1)

Altars:
Cheibriados
Dithmenos
Elyvilon
Fedhas
Gozag
Hepliaklqana
Kikubaaqudgha
Makhleb
Nemelex Xobeh
Okawaru
Qazlal
Ru
Sif Muna
Trog
Uskayaw
Vehumet
Wu Jian
Xom
Yredelemnul
Zin
The Shining One
Jiyva
Lugonu

Shops:
D *[

Annotations:
D Sonja


Innate Abilities, Weirdness & Mutations

You are too large for most types of armour.
You have claws for hands.
Your metabolism is lightning-fast.
You like to eat raw meat.
Your natural rate of healing is unusually fast.
You are covered in fur. (AC +1)
You have extremely tough skin. (AC +3)


Message History

Sonja shoots a curare-tipped needle.
The curare-tipped needle hits you.
You are more poisoned.
You have difficulty breathing.
* * * LOW HITPOINT WARNING * * *
You feel as though you will be slow longer.
* * * LOW HITPOINT WARNING * * *
You feel very sick.
Sonja mumbles some strange words.
Sonja blinks!
Sonja mumbles some strange words.
Sonja blinks!
You see here 2 curare-tipped needles.
Okay, then.
Unknown command.
* * * LOW HITPOINT WARNING * * *
You feel very sick.
Sonja unwields a +0 blowgun.
Sonja wields a +2 dagger of distortion.
Its appearance distorts for a moment.
Sonja hits you but does no damage. Space warps horribly around you!
You die...

#..#####'#####'#__####...+
#..## #..#...#.####§(#####
#..#__####..##(#(§§§§#†§#
#..#_____##'#_.'≈§§§.'..#
#⌠⌠#_.∩...'..._#§§§)§#§.#
####_..__##_.#'##'#####§#
#_____###+#(#.[.(###.+
#########.####K###.###
+$.$((@...'.∩#
#$.$########## ##.# #+


You could see Sonja.

Vanquished Creatures
  2 centaur warriors (D)
  A deep troll (D)
  An oklob plant (D)
  2 kobold demonologists (D)
  A hornet (D)
  A slime creature (D)
  Sigmund (D)
  A yak (D)
  A floating eye (D)
  An ogre (D)
  A jelly (D)
  Ijyb (D)
14 creatures vanquished.

Notes
Turn   | Place    | Note
-------+----------+-------------------------------------------
     0 | D        | nuthulu the Troll Monk began the quest for the Orb.
     0 | D        | Reached XP level 1. HP: 22/22 MP: 0/0
     1 | D        | Noticed Ijyb
    18 | D        | Killed Ijyb
    18 | D        | Reached skill level 4 in Unarmed Combat
    18 | D        | Reached XP level 2. HP: 31/31 MP: 1/1
    21 | D        | Noticed an ogre
    28 | D        | Killed an ogre
    28 | D        | Reached skill level 5 in Fighting
    28 | D        | Reached skill level 5 in Dodging
    28 | D        | Reached skill level 6 in Unarmed Combat
    28 | D        | Reached XP level 3. HP: 15/42 MP: 2/2
    28 | D        | Reached XP level 4. HP: 18/50 MP: 3/3
    86 | D        | Noticed Sigmund
   103 | D        | Killed Sigmund
   103 | D        | Reached skill level 7 in Unarmed Combat
   103 | D        | Reached XP level 5. HP: 61/61 MP: 4/4
   103 | D        | Reached XP level 6. HP: 68/68 MP: 5/5
   119 | D        | Found an ornate altar of the Wu Jian Council.
   119 | D        | Found a deep blue altar of Sif Muna.
   121 | D        | Found a radiant altar of Vehumet.
   124 | D        | Reached skill level 8 in Unarmed Combat
   130 | D        | Found Unkir's General Store.
   130 | D        | Found an ancient bone altar of Kikubaaqudgha.
   130 | D        | Found a hazy altar of Hepliaklqana.
   130 | D        | Found a stormy altar of Qazlal.
   130 | D        | Found a hide-covered altar of Uskayaw.
   130 | D        | Found a blossoming altar of Fedhas.
   130 | D        | Found a bloodstained altar of Trog.
   130 | D        | Found an iron altar of Okawaru.
   130 | D        | Found a basalt altar of Yredelemnul.
   130 | D        | Found a glowing golden altar of the Shining One.
   130 | D        | Found a snail-covered altar of Cheibriados.
   130 | D        | Found a sacrificial altar of Ru.
   130 | D        | Found a glowing silver altar of Zin.
   130 | D        | Found a shadowy altar of Dithmenos.
   130 | D        | Found a white marble altar of Elyvilon.
   130 | D        | Noticed a yak
   134 | D        | Killed a yak
   134 | D        | Reached skill level 9 in Unarmed Combat
   135 | D        | Found an opulent altar of Gozag.
   136 | D        | Found a sparkling altar of Nemelex Xobeh.
   139 | D        | Became a worshipper of Qazlal Stormbringer
   139 | D        | Reached * piety under Qazlal
   139 | D        | Reached ** piety under Qazlal
   161 | D        | Found a viscous altar of Jiyva.
   161 | D        | Found a corrupted altar of Lugonu.
   161 | D        | Noticed a slime creature
   162 | D        | Found a burning altar of Makhleb.
   162 | D        | Found a shimmering altar of Xom.
   167 | D        | Killed a slime creature
   167 | D        | Reached XP level 7. HP: 68/80 MP: 6/6
   189 | D        | Noticed a kobold demonologist
   190 | D        | Noticed a kobold demonologist
   191 | D        | Reached skill level 10 in Unarmed Combat
   193 | D        | Noticed a red devil
   196 | D        | Killed a kobold demonologist
   196 | D        | Reached XP level 8. HP: 91/92 MP: 7/7
   197 | D        | Noticed a red devil
   201 | D        | Killed a kobold demonologist
   201 | D        | Reached skill level 11 in Unarmed Combat
   268 | D        | Noticed a centaur warrior
   269 | D        | Noticed a centaur warrior
   278 | D        | Killed a centaur warrior
   278 | D        | Reached *** piety under Qazlal
   278 | D        | Reached skill level 10 in Fighting
   278 | D        | Reached skill level 10 in Dodging
   283 | D        | Killed a centaur warrior
   283 | D        | Reached skill level 12 in Unarmed Combat
   283 | D        | Reached XP level 9. HP: 23/102 MP: 8/8
   431 | D        | Paralysed by a hornet for 1 turns
   486 | D        | Noticed an oklob plant
   492 | D        | Killed an oklob plant
   492 | D        | Reached **** piety under Qazlal
   492 | D        | Reached skill level 13 in Unarmed Combat
   535 | D        | Noticed a deep troll
   546 | D        | Killed a deep troll
   643 | D        | Found Tuudih's Armour Emporium.
   653 | D        | Got a translucent ivory ring
   654 | D        | Identified the ring "Bixkegew" {rC+ Stlth+} (You found it
                  | in the Dungeon)
   656 | D        | Bought a +2 robe of fire resistance for 194 gold pieces
   673 | D        | Noticed Sonja
   684 | D        | Slain by Sonja

Skill      XL: |  1  2  3  4  5  6  7  8  9 |
---------------+----------------------------+-----
Fighting       | 3 5 6 8 9 10 11 | 11.5
Dodging        | 3 5 6 8 9 10 11 | 11.5
Unarmed Combat | 4 6 7 9 10 12 13 | 13.4
Stealth        | |  1.0

Action                   |  1- 3 |  4- 6 |  7- 9 || total
-------------------------+-------+-------+-------++-------
Melee: Unarmed           |    22 |    22 |    44 ||    88
       Punch             |       |       |     3 ||     3
Invok: Upheaval          |       |       |     2 ||     2
  Use: Potion            |       |       |     2 ||     2
  Eat: Chunk             |       |     7 |     3 ||    10
Armor: Robe              |     3 |       |    16 ||    19
Dodge: Dodged            |     9 |    14 |    35 ||    58
Block: Other             |       |       |    14 ||    14
